 Dungeon Crawl Stone Soup version 0.31-a0-237-g2d982f9f85 (webtiles) character file.

Game seed: 14165071148689976598

114 qw the Shooter (level 4, -4/37 HPs)
             Began as a Minotaur Hexslinger on July 11, 2023.
             Slain by an orc
             ... wielding a +0 trident
              (8 damage)
             ... on level 3 of the Dungeon.
             The game lasted 00:00:48 (1802 turns).

qw the Shooter (Minotaur Hexslinger)                Turns: 1802, Time: 00:00:48

Health: -4/37      AC:  4    Str: 12    XL:     4   Next: 67%
Magic:  4/4        EV: 12    Int: 10    God:
Gold:   85         SH:  0    Dex: 15    Spells: 4/5 levels left

rFire   . . .        Y - +1 sling
rCold   . . .        (no shield)
rNeg    . . .        i - +0 leather armour
rPois   +            (helmet restricted)
rElec   .            h - +0 cloak
rCorr   .            (no gloves)
SInv    .            (no boots)
Will    .....        (no amulet)
Stlth   +            g - ring of poison resistance
HPRegen 0.26/turn    (no ring)
MPRegen 0.09/turn

%: no passive effects
@: no status effects
A: horns 2, retaliatory headbutt
a: no special abilities


You were on level 3 of the Dungeon.
You visited 1 branch of the dungeon, and saw 3 of its levels.

You collected 85 gold pieces.


Innate Abilities, Weirdness & Mutations

You have a pair of horns on your head.
You reflexively headbutt those who attack you in melee.


   Skills:
 + Level 2.3 Fighting
 - Level 5.1 Ranged Weapons
 - Level 2.1 Dodging
 - Level 1.0 Spellcasting
 - Level 2.0 Hexes


You had 4 spell levels left.
You knew the following spells:

 Your Spells              Type           Power      Damage    Failure   Level
a - Slow                  Hex            16%        N/A       19%         1

Your spell library contained the following spells:

 Spells                   Type           Power      Damage    Failure   Level
 Inner Flame              Hex/Fire       2%         N/A       65%         3
 Portal Projectile        Hex/Tloc       4%         N/A       65%         3
 Cause Fear               Hex            2%         N/A       88%         4

Inventory:

Hand Weapons
 Y - a +1 sling (weapon)
Armour
 h - a +0 cloak (worn)
 i - a +0 leather armour (worn)
Jewellery
 g - a ring of poison resistance (left hand)
Potions
 b - a potion of heal wounds {unknown}
 c - a potion of brilliance {unknown}
 d - a potion of enlightenment
 f - a potion of lignification {unknown}
 j - a potion of attraction {unknown}

Dungeon Overview and Level Annotations

Branches:
Dungeon (3/15)

Altars:

Shops:
D:1 [**


Message History

You shoot a sling bullet. The sling bullet hits the jackal.
You kill the jackal!
The orc hits you from afar with a +0 trident!
You shoot a sling bullet. The sling bullet hits the orc.
The orc is lightly wounded.
You hear a shout!
The orc closely misses you.
You shoot a sling bullet.
The sling bullet completely misses the orc.
The orc completely misses you.
An orc comes into view. It is wielding a +0 flail.
The orc hits you from afar with a +0 trident.
An orc comes into view. It is wielding a +0 flail.
You shoot a sling bullet. The sling bullet barely misses the orc.
The orc closely misses you.
You shoot a sling bullet. The sling bullet barely misses the orc.
The sling bullet hits the orc.
The orc is moderately wounded.
The orc barely misses you.
You shoot a sling bullet.
The sling bullet closely misses the orc.
The sling bullet barely misses the orc.
The orc completely misses you. The orc hits you with a +0 flail.
You shoot a sling bullet.
The sling bullet closely misses the orc.
The orc closely misses you. x2; The orc completely misses you.
You shoot a sling bullet. The sling bullet hits the orc.
You kill the orc!
The orc hits you from afar with a +0 trident.
The orc barely misses you.
You shoot a sling bullet. The sling bullet hits the orc.
The orc is moderately wounded.
The orc hits you from afar with a +0 trident!
You shoot a sling bullet.
The sling bullet hits the orc but does no damage.
The orc is moderately wounded.
The orc barely misses you. x2; You furiously retaliate!
You headbutt the orc. The orc hits you with a +0 flail.
The orc hits you from afar with a +0 trident!
You die...

#.##.......
.#....$..##
.........
....... .....
.### o..
.....##o###.###
......o@%......
.###.##.###.##(
#.##.# # #.##.#
##. #.##.#
#...###....#
...(.....#.#
......#..#.#####
............<...


You could see 3 orcs.

Vanquished Creatures
  Robin (D:3)
  5 adders (D:2)
  3 dart slugs
  An orc (D:3)
  4 bats
  5 endoplasms
  A giant cockroach (D:1)
  8 goblins
  5 hobgoblins
  6 jackals
  A quokka (D:2)
  3 ball pythons
  2 kobolds
  7 rats
52 creatures vanquished.

Notes
Turn   | Place    | Note
-------+----------+-------------------------------------------
     0 | D:1      | qw the Minotaur Hexslinger began the quest for the Orb.
     0 | D:1      | Reached XP level 1. HP: 16/16 MP: 1/1
     0 | D:1      | 0 ||| qw: Version: 0.3-a-52-g30416fa
     0 | D:1      | 0 ||| qw: Game counter: 5809
     0 | D:1      | 0 ||| qw: Melee chars always use a shield: true
     0 | D:1      | 0 ||| qw: God list: Okawaru
     0 | D:1      | 0 ||| qw: Allow faded altars: false
     0 | D:1      | 0 ||| qw: Do Orc after clearing Dungeon:15 true
     0 | D:1      | 0 ||| qw: Do second Lair branch before Depths: true
     0 | D:1      | 0 ||| qw: Lair rune preference: random
     0 | D:1      | 0 ||| qw: Goals: Normal
     0 | D:1      | 0 ||| PLANNING D:1-11
    26 | D:1      | Found Erashre's Assorted Antiques.
    95 | D:1      | Reached skill level 3 in Ranged Weapons
   111 | D:1      | Found Qywoah's Armour Emporium.
   123 | D:1      | 123 ||| SHOPLISTING +0 ring mail (56 gold, have 0).
   123 | D:1      | 123 ||| SHOPLISTING +3 robe of Clouds {*Thunder rCloud
                  | rElec} (415 gold, have 0).
   194 | D:1      | Found Yvitruygh's Assorted Antiques.
   203 | D:1      | 203 ||| SHOPLISTING brown potion (19 gold, have 0).
   203 | D:1      | 203 ||| SHOPLISTING fizzy white potion (19 gold, have 0).
   203 | D:1      | 203 ||| SHOPLISTING pair of boots (99 gold, have 0).
   203 | D:1      | 203 ||| SHOPLISTING scroll labelled IVEPHOSOKU (22 gold,
                  | have 0).
   203 | D:1      | 203 ||| SHOPLISTING scroll labelled IXKOILIMARR (22 gold,
                  | have 0).
   203 | D:1      | 203 ||| SHOPLISTING scroll labelled JOEMITSU ONGYR (22
                  | gold, have 0).
   203 | D:1      | 203 ||| SHOPLISTING scroll labelled NEOPUDEUDO (22 gold,
                  | have 0).
   203 | D:1      | 203 ||| SHOPLISTING scroll labelled TEUCLE VIAFFAI (22
                  | gold, have 0).
   203 | D:1      | 203 ||| SHOPLISTING silver ring (110 gold, have 0).
   251 | D:1      | Reached XP level 2. HP: 23/23 MP: 2/2
   267 | D:1      | 267 ||| SHOPLISTING fluorescent wand (80 gold, have 11).
   267 | D:1      | 267 ||| SHOPLISTING scroll labelled QYELYN UGOCI (20 gold,
                  | have 11).
   267 | D:1      | 267 ||| SHOPLISTING scroll labelled UDORE UFIZXEOC (20
                  | gold, have 11).
   665 | D:1      | 665 ||| UPGRADING to +0 cloak.
   670 | D:1      | 670 ||| UPGRADING to +0 leather armour.
   680 | D:1      | 680 ||| DROPPING +0 robe.
   681 | D:1      | 681 ||| UPGRADING to ring of poison resistance.
   682 | D:1      | 682 ||| READING 2 scrolls labelled IXKOILIMARR.
   783 | D:1      | 783 ||| READING scroll labelled JOEMITSU ONGYR.
   786 | D:1      | 786 ||| READING scroll labelled XAQYPUSOJA.
   787 | D:1      | 787 ||| READING scroll labelled XEZUCE OTOI.
   788 | D:1      | 788 ||| DRINKING 2 lumpy puce potions.
   789 | D:1      | 789 ||| DROPPING scroll of silence.
   790 | D:1      | 790 ||| DROPPING scroll of poison.
   819 | D:2      | Reached XP level 3. HP: 17/29 MP: 3/3
   883 | D:2      | 883 ||| FLEEEEING.
   884 | D:2      | 884 ||| FLEEEEING.
   885 | D:2      | 885 ||| FLEEEEING.
   889 | D:2      | Reached skill level 4 in Ranged Weapons
  1072 | D:2      | Reached XP level 4. HP: 36/36 MP: 4/4
  1558 | D:2      | 1558 ||| READING scroll labelled DUTHRA PUDONE.
  1623 | D:2      | 1623 ||| DRINKING 2 fizzy white potions.
  1624 | D:2      | 1624 ||| DROPPING potion of invisibility.
  1658 | D:3      | Noticed Robin
  1669 | D:3      | 1669 ||| STAIRDANCE
  1705 | D:3      | Killed Robin
  1706 | D:3      | Reached skill level 5 in Ranged Weapons
  1711 | D:3      | 1711 ||| FLEEEEING.
  1712 | D:3      | 1712 ||| FLEEEEING.
  1713 | D:3      | 1713 ||| STAIRDANCE
  1801 | D:3      | HP: 6/37 [orc/+0 trident (8)]
  1802 | D:3      | Slain by an orc

Levels and vault maps discovered:
D:1:      roderic_crop_circles_arrival_large, layout_loops_cross, serial_shops,
          shop, nicolae_shop_peninsula, nicolae_shop_window_shopping
D:2:      layout_loops_cross
D:3:      layout_loops_ring, hangedman_abyss_or_decor_lesser_grid, uniq_robin

Skill      XL: |  1  2  3  4 |
---------------+-------------+-----
Ranged Weapons | 3 4 5 |  5.1
Fighting       | 2 |  2.3
Dodging        | |  2.1
Spellcasting   | |  1.0
Hexes          | |  2.0

Action                     |  1- 3 |  4- 6 || total
---------------------------+-------+-------++-------
   Fire: Sling             |    81 |    78 ||   159
    Use: Scroll            |     4 |     1 ||     5
         Potion            |     1 |     1 ||     2
 Armour: Leather armour    |     6 |    15 ||    21
         Robe              |     2 |       ||     2
  Dodge: Dodged            |    24 |    32 ||    56

Table legend:
 A = Non-vault XP
 B = Vault XP
 C = Vault XP percentage of total XP
 D = Non-vault monster count
 E = Vault monster count
 F = Vault count percentage of total count
                 A         B        C        D         E       F
            +---------+---------+-------+---------+---------+-------
      Total |     138 |      26 |  15.9 |      45 |       7 |  13.5
            +---------+---------+-------+---------+---------+-------
        D:1 |      27 |       0 |   0.0 |      14 |       0 |   0.0
        D:2 |      99 |       0 |   0.0 |      24 |       0 |   0.0
        D:3 |      12 |      26 |  68.4 |       7 |       7 |  50.0
            +---------+---------+-------+---------+---------+-------
